 Dungeon Crawl Stone Soup version 0.28.0-53-g5a82cb258f (webtiles) character file.

Game seed: 3804744076617554733

310 styxcanada the Covert (level 6, 0/30 HPs)
             Began as a Spriggan Brigand on Aug 12, 2022.
             Killed from afar by an orc wizard (8 damage)
             ... with a puff of flame
             ... on level 5 of the Dungeon.
             The game lasted 00:16:38 (4282 turns).

styxcanada the Covert (Spriggan Brigand)            Turns: 4282, Time: 00:16:39

Health: 0/30       AC:  3    Str:  7    XL:     6   Next: 17%
Magic:  9/9        EV: 22    Int: 13    God:
Gold:   229        SH:  0    Dex: 18    Spells: 6/8 levels left

rFire   . . .      SeeInvis +   a - +3 dagger
rCold   . . .      Faith    .   (no shield)
rNeg    . . .      Spirit   .   b - +0 robe
rPois   .          Reflect  .   (helmet restricted)
rElec   .          Harm     .   c - +0 cloak
rCorr   .          Rampage  .   (gloves unavailable)
Will    +....                   (boots unavailable)
Stlth   ++++......              h - amulet of regeneration
HPRegen 0.90/turn               r - +4 ring of evasion
MPRegen 0.11/turn               (no ring)

@: very quick
A: very small, no large weapons, unfitting armour, see invisible, speed 3
a: no special abilities


You were on level 5 of the Dungeon.
You visited 1 branch of the dungeon, and saw 5 of its levels.

You collected 229 gold pieces.

Inventory:

Hand Weapons
 a - a +3 dagger (weapon)
 p - a +0 hunting sling
Missiles
 d - 13 poisoned darts (quivered)
 e - 2 curare-tipped darts
 j - 159 stones
 u - 79 sling bullets
 z - a throwing net
Armour
 b - a +0 robe (worn)
 c - a +0 cloak (worn)
Magical Staves
 s - a staff of conjuration
Jewellery
 h - an amulet of regeneration (around neck)
 r - a +4 ring of evasion (left hand)
 x - an amulet of guardian spirit
Wands
 f - a wand of flame (16)
 k - a wand of digging (6)
 v - a wand of acid (6)
Scrolls
 m - 2 scrolls of teleportation
 w - a scroll of immolation
 y - 3 scrolls of enchant weapon
 C - a scroll of summoning
Potions
 g - 3 potions of brilliance
 i - a potion of heal wounds
 l - 2 potions of haste
 o - 2 potions of attraction {unknown}
 t - 3 potions of curing {unknown}
 A - a potion of berserk rage {unknown}
 D - a potion of ambrosia {unknown}


   Skills:
 * Level 2.1 Fighting
 + Level 2.7 Short Blades
 + Level 2.2(2.8) Slings
 + Level 2.1(2.4) Throwing
 * Level 2.9 Dodging
 * Level 8.0 Stealth
 * Level 1.5 Spellcasting
 * Level 3.6 Translocations
 * Level 1.4 Evocations


You had 6 spell levels left.
You knew the following spells:

 Your Spells              Type           Power      Damage    Failure   Level
a - Blink                 Tloc           20%        N/A       9%          2

Your spell library contained the following spells:

 Spells                   Type           Power      Damage    Failure   Level
 Manifold Assault         Tloc           10%        N/A       86%         5
 Storm Form               Tmut/Air       0%         N/A       100%        7


Dungeon Overview and Level Annotations

Branches:
Dungeon (5/15)
 Temple: D:4-7

Altars:


Innate Abilities, Weirdness & Mutations

You are very small and have problems with some larger weapons.
You are too small for most types of armour.
You have supernaturally acute eyesight. (SInv)
You cover ground extremely quickly. (Speed+++)


Message History

You swap places.
An orc priest and an orc wizard come into view.
The orc priest is wielding a +0 falchion and wearing a +0 leather armour of poison resistance.
An orc wizard comes into view. It is wielding a +0 dagger.
An iguana comes into view.
An orc priest comes into view. It is wielding a +0 trident.
The orc priest shouts! x2; The iguana hisses angrily.
The orc priest misses you.
You hit the orc priest.
The orc priest is lightly wounded.
The orc wizard hits you with a +0 dagger.
You hit the orc priest.
The orc priest is moderately wounded.
The orc priest closely misses you. The orc wizard closely misses you.
The orc wizard misses you.
You closely miss the orc priest.
The orc priest is moderately wounded.
The orc priest casts a cantrip, but nothing happens.
The orc priest closely misses you. The orc wizard barely misses you. x2
Your adder barely misses the orc priest.
Unknown command.
You closely miss the orc wizard.
The orc priest begins to cast a cantrip, but forgets the words!
Your adder bites the orc priest but does no damage.
The orc priest looks encouraged for a moment.
The orc wizard gestures at you while chanting.
The magic dart hits you. The orc wizard completely misses you.
You hit the orc wizard.
The orc wizard is lightly wounded.
Your adder bites the orc priest.
The orc priest invokes the aid of Beogh against you.
Beogh smites you! The iguana closely misses you.
The orc priest calls down the wrath of Beogh upon you.
Beogh smites you!
* * * LOW HITPOINT WARNING * * *
The orc wizard points at you and mumbles some strange words.
You resist with almost no effort.
The orc wizard points at you and mumbles some strange words.
The puff of flame hits you!
You die...

#O# ##§#####
.....§§§§§§§#
....###§###§#
# ..
#§###.###.#
#§........#
###.#..####
#.#oO# # #S@#
#loo.# ##.#.#
.o#.# ..# #
.... ...#
##...


You could see an iguana, 2 orc priests, 2 orc wizards, a friendly ogre
(summoned) and a friendly adder (summoned).

Vanquished Creatures
  A necrophage (D:4)
  An ogre (D:4)
  A hound (D:4)
  3 adders
  A worm (D:2)
  3 dart slugs
  3 orcs
  7 endoplasms
  3 giant cockroaches
  6 goblins
  5 hobgoblins
  2 jackals (D:3)
  8 kobolds
  5 quokkas
  4 ball pythons
  9 bats
  A frilled lizard (D:2)
  A quokka skeleton (D:4)
  5 rats
69 creatures vanquished.

Notes
Turn   | Place    | Note
-------+----------+-------------------------------------------
     0 | D:1      | styxcanada the Spriggan Brigand began the quest for the
                  | Orb.
     0 | D:1      | Reached XP level 1. HP: 10/10 MP: 2/2
    86 | D:1      | Reached skill level 6 in Stealth
   360 | D:1      | Reached XP level 2. HP: 14/14 MP: 3/3
   880 | D:1      | Reached skill level 7 in Stealth
  1124 | D:2      | Reached XP level 3. HP: 18/18 MP: 4/4
  1128 | D:2      | Learned a level 2 spell: Blink
  1167 | D:2      | Found a faded altar of an unknown god.
  2934 | D:4      | Noticed a necrophage
  3038 | D:4      | Killed a necrophage
  3039 | D:4      | Reached skill level 1 in Spellcasting
  3039 | D:4      | Reached XP level 4. HP: 19/23 MP: 4/6
  3039 | D:4      | Reached XP level 5. HP: 22/26 MP: 4/7
  3218 | D:4      | Reached skill level 1 in Slings
  3324 | D:4      | Reached skill level 1 in Evocations
  3581 | D:4      | Noticed an ogre
  3586 | D:4      | Killed an ogre
  3587 | D:4      | Reached skill level 8 in Stealth
  3587 | D:4      | Reached XP level 6. HP: 30/30 MP: 7/9
  4216 | D:5      | Entered Level 5 of the Dungeon
  4282 | D:5      | Killed from afar by an orc wizard

Illustrated notes

Levels and vault maps discovered:
D:1:      mrwooster_arrival_statue_3, layout_rooms, serial_aquarium,
          aquarium_bridge_square [aquarium_subvault_bridge,
          aquarium_subvault_bridge, aquarium_subvault_balcony,
          aquarium_subvault_balcony], aquarium_bridge_island_small
          [aquarium_subvault_small_open, aquarium_subvault_bridge,
          aquarium_subvault_wall, aquarium_subvault_wall,
          aquarium_subvault_window], aquarium_window_fake, aquarium_window_1,
          aquarium_window_fake, aquarium_view_2e, aquarium_view_2b,
          aquarium_balcony_3b
D:2:      minmay_spotlight, layout_rooms, ebering_ecumenical_altar_webs,
          minmay_pentomino_q2
D:3:      layout_basic, grunt_ministairs_15, nrook_uturn, minmay_puff
D:4:      layout_basic, minmay_fractal_squares_diagonal_5
D:5:      layout_loops_corners, kennysheep_mini_moat, minmay_increasing_density

Skill      XL: |  1  2  3  4  5 |
---------------+----------------+-----
Stealth        | 6 7 8 |  8.0
Dodging        | 2 |  2.9
Spellcasting   | 1 |  1.5
Translocations | 2 3 |  3.6
Slings         | 2 |  2.2
Fighting       | 2 |  2.1
Evocations     | 1 |  1.4
Short Blades   | |  2.7
Throwing       | |  2.1

Action                   |  1- 3 |  4- 6 || total
-------------------------+-------+-------++-------
Melee: Dagger            |   166 |    60 ||   226
       Punch             |     1 |       ||     1
 Fire: Hunting sling     |    16 |     4 ||    20
Throw: Dart              |    12 |     8 ||    20
  Use: Scroll            |     4 |     7 ||    11
 Stab: Sleeping          |    12 |     7 ||    19
Armor: Robe              |    12 |     3 ||    15
Dodge: Dodged            |   129 |    45 ||   174
